Map: Orbital Shipyard

Players

Melloman - Winner!

  • Race: Zerg Zerg
  • League: Silver

LilDicky

  • Race: Zerg Zerg
  • League: Diamond

VOD

http://www.twitch.tv/tumescentpie

Description

Time

  • Played on: Dec. 25, 2015, 9:56 p.m.
  • Length: 6:10
Show
View Real Time Build Order
Export as new Build Order

Melloman Zerg - Winner!

Build Orders: Pool First 

Get SALT Encoding   

  12  0:01  Drone  
  13  0:12  Overlord  
  13  0:26  Drone  
  14  0:30  Drone  
  14  0:31  Drone  
  16  0:36  Extractor  
  15  0:48  Spawning Pool  
  14  0:57  Drone  
  15  1:06  Drone  
  15  1:07  Drone  
  17  1:20  Drone x2  
  19  1:33  Overlord  
  19  1:42  Metabolic Boost  
  19  1:43  Queen  
  21  1:55  Zergling x4  
  23  2:04  Zergling x2  
  24  2:23  Hatchery, Zergling x2  
  24  2:33  Baneling Nest  
  24  2:34  Zergling x2  
  24  2:39  Zergling x2  
  25  2:56  Zergling x8  
  29  3:14  Overlord x2  
  29  3:25  Queen  
  28  3:38  Zergling x8  
  28  3:39  Zergling x2  
  30  3:53  Zergling x2  
  30  3:54  Zergling x2  
  30  4:22  Zergling x2  
  30  4:23  Drone x3, Zergling x4  
  36  4:24  Queen  
  36  4:27  Lair  
  38  4:38  Evolution Chamber  
  37  4:56  Drone  
  37  4:57  Drone x7  
  45  5:09  Overlord  
  45  5:14  Hatchery  
  44  5:18  Baneling x2  
  44  5:19  Baneling x4  
Show
View Real Time Build Order
Export as new Build Order

LilDicky Zerg 

Build Orders: 3 Hatch before Pool 

Get SALT Encoding   

  12  0:31  Hatchery  
  11  0:36  Drone  
  11  0:37  Drone  
  13  0:45  Drone  
  14  1:25  Hatchery  
  14  1:30  Drone  
  14  1:54  Spawning Pool  
  13  2:05  Hatchery  
  12  2:15  Extractor x2  
  11  2:16  Drone  
  11  2:17  Drone x4  
  11  2:20  Drone  
  16  2:44  Queen  
  16  2:48  Spine Crawler  
  17  2:58  Spine Crawler  
  16  3:00  Drone x3  
  19  3:12  Drone x3  
  22  3:17  Drone  
  22  3:19  Drone  
  24  3:30  Spine Crawler  
  20  3:43  Spine Crawler  
  20  3:45  Drone  
  20  3:46  Drone x3  
  22  3:58  Drone x3  
  25  4:11  Queen  
  25  4:12  Queen  
  29  4:18  Drone x3  
  32  4:25  Overlord  
  32  4:44  Drone x3, Queen  
  37  5:00  Lair  
  37  5:02  Drone  
  37  5:03  Drone x2  
  40  5:07  Overlord  
  40  5:08  Overlord  
  40  5:32  Drone  
  40  5:33  Drone x11  
  52  5:40  Drone  
  52  5:41  Drone x3  
Tags
 
Add a new tag
Caveats
  • Supply blocks, unpowered buildings, or Contaminate may cause inaccurate times.
  • Supply counts are checked every 10 seconds.